 Dungeon Crawl Stone Soup version 0.30-a0-122-g2a1322497e (webtiles) character file.

Game seed: 77520146904580762

1 Dreamer the Insei (level 1, 0/13 HPs)
             Began as an Octopode Transmuter on Sept 15, 2022.
             Slain by a hobgoblin (3 damage)
             ... on level 1 of the Dungeon.
             The game lasted 00:00:22 (69 turns).

Dreamer the Insei (Octopode Transmuter)               Turns: 69, Time: 00:00:23

Health: 0/13       AC:  1    Str:  9    XL:     1   Next: 20%
Magic:  3/3        EV: 13    Int: 15    God:
Gold:   0          SH:  0    Dex: 12    Spells: 3/4 levels left

rFire   . . .      SeeInvis .      - Unarmed
rCold   . . .      Faith    .    (no shield)
rNeg    . . .      Spirit   .    (helmet restricted)
rPois   .          Reflect  .    (no amulet)
rElec   .          Harm     .    (no ring)
rCorr   .          Rampage  .    (no ring)
Will    .....                    (no ring)
Stlth   ++........               (no ring)
HPRegen 0.04/turn                (no ring)
MPRegen 0.08/turn                (no ring)
                                 (no ring)
                                 (no ring)

@: no status effects
A: almost no armour, amphibious, 8 rings, camouflage 1, gelatinous body 1,
(nimble swimmer 1), tentacles
a: no special abilities


You were on level 1 of the Dungeon.
You visited 1 branch of the dungeon, and saw 1 of its levels.

Inventory:

Potions
 a - a potion of lignification


   Skills:
 - Level 1.0 Fighting
 - Level 2.0 Dodging
 + Level 3.1 Unarmed Combat
 - Level 2.0 Spellcasting
 - Level 2.0 Transmutations


You had 3 spell levels left.
You knew the following spells:

 Your Spells              Type           Power      Damage    Failure   Level
a - Beastly Appendage     Tmut           14%        N/A       10%         1

Your spell library contained the following spells:

 Spells                   Type           Power      Damage    Failure   Level
 Wereblood                Tmut           7%         N/A       14%         2
 Spider Form              Tmut/Pois      4%         N/A       41%         3
 Ice Form                 Ice/Tmut       4%         N/A       82%         4


Dungeon Overview and Level Annotations

Branches:
Dungeon (1/15)

Altars:


Innate Abilities, Weirdness & Mutations

You cannot wear most types of armour.
You are amphibious.
You can wear up to eight rings at the same time.
Your skin changes colour to match your surroundings (Stealth+).
Your rubbery body absorbs attacks. (AC +1, EV +1)
((You are camouflaged when in or above water. (Stealth+)))
You have tentacles for arms and can constrict up to eight enemies at once.


Message History

Welcome, Dreamer the Octopode Transmuter.
If you return without finding the Orb of Zot, so far below, it's all over!
Press ? for a list of commands and other information.
Found a staircase leading out of the dungeon.
There is an empty arch of ancient stone here.
Found a stone staircase leading down.
An endoplasm comes into view.
The endoplasm quivers.
The endoplasm hits you.
You tentacle-slap the endoplasm. Your squeeze misses the endoplasm.
The endoplasm is moderately wounded.
The endoplasm freezes you.
You are frozen.
You barely miss the endoplasm.
You squeeze the endoplasm, but do no damage.
The endoplasm is moderately wounded.
The endoplasm misses you.
You tentacle-slap the endoplasm.
You kill the endoplasm!
A hobgoblin comes into view.
A hobgoblin is nearby!
The hobgoblin shouts!
You closely miss the hobgoblin. You grab the hobgoblin.
You constrict the hobgoblin, but do no damage.
The hobgoblin hits you.
* * * LOW HITPOINT WARNING * * *
You tentacle-slap the hobgoblin.
The hobgoblin is moderately wounded.
You constrict the hobgoblin, but do no damage.
The hobgoblin hits you.
You die...

#. +. #. #. ######.####
# .....#.#..#.# . ♣♣♣
#...#@g..# ..
♣♣♣♣∩♣♣♣♣....####.#
♣♣~~~~~~.♣♣........##
♣♣~♣♣♣♣♣♣♣~♣♣#........
♣♣~♣♣~~~~~♣♣.♣♣.#.>....
♣~♣♣~♣♣♣♣♣~♣♣.♣........
♣~♣~♣♣~~~♣♣~♣♣...#.####
♣♣~♣~♣~♣♣♣~♣♣~♣...#.#
♣∩~♣~♣~♣∩♣~~♣~♣♣..# #


You could see a hobgoblin.

Vanquished Creatures
  An endoplasm (D:1)
1 creature vanquished.

Notes
Turn   | Place    | Note
-------+----------+-------------------------------------------
     0 | D:1      | Dreamer the Octopode Transmuter began the quest for the
                  | Orb.
     0 | D:1      | Reached XP level 1. HP: 13/13 MP: 3/3
    69 | D:1      | Slain by a hobgoblin

Illustrated notes

Levels and vault maps discovered:
D:1:      nagdon_arrival_double_spiral, layout_basic,
          dreamdust_ecumenical_altar_angels_and_demons

Action                   || total
-------------------------++-------
Melee: Unarmed           ||     5
       Constrict         ||     1
       Tentacles         ||     1
Dodge: Dodged            ||     1

Table legend: (Time is in decaauts)
 A = Elapsed time spent in this place.
 B = Non-inter-level travel time spent in this place.
 C = Inter-level travel time spent in this place.
 D = Time resting spent in this place.
 E = Time spent auto-exploring this place.
 F = Levels seen in this place.
 G = Mean time per level.
                   A        B        C        D        E       F      G
               +--------+--------+--------+--------+--------+-----+--------+
         Total |     68 |     68 |      0 |      0 |     58 |   1 |   68.0 |
       Dungeon |     68 |     68 |      0 |      0 |     58 |   1 |   68.0 |
               +--------+--------+--------+--------+--------+-----+--------+

Top non-repeatable levels by time:
     D:1: 68 daAuts
